 Dungeon Sprint DCSS version 0.27.1-33-g824d729ab1 (webtiles) character file.

Game seed: 10279002179594351787

2513 manyhoops the Lightning Rod (level 9, -3/84 HPs)
             Began as a Deep Dwarf Fighter on Nov 28, 2021.
             Was a Follower of Qazlal.
             Slain by a redback (8 damage)
             ... in the Dungeon (Sprint I: "Red Sonja").
             The game lasted 00:03:19 (697 turns).

manyhoops the Lightning Rod (Deep Dwarf Fighter)     Turns: 697, Time: 00:03:20

Health: -3/84      AC:  9    Str: 23    XL:     9   Next: 29%
Magic:  18/18      EV: 10    Int:  9    God:    Qazlal [*.....]
Gold:   525        SH:  2    Dex: 12    Spells: 8/8 levels left

rFire    . . .     SeeInvis .   a - +0 war axe
rCold    . . .     Faith    .   (no shield)
rNeg     . . .     Spirit   .   b - +0 scale mail
rPois    .         Reflect  .   (no helmet)
rElec    .         Harm     .   (no cloak)
rCorr    .         Rampage  .   (no gloves)
Will     +....     NoTele   +   (no boots)
Stlth    ..........             (no amulet)
HPRegen  0.00/turn              (no ring)
MPRegen  0.16/turn              (no ring)

@: lethally poisoned (-3 -> -68)
A: damage resistance, heal wounds, sense surroundings 2, no regeneration
a: Heal Wounds, Renounce Religion


You were in the Dungeon.
You worshipped Qazlal.
Qazlal was aware of your devotion.
You visited 1 branch You collected 525 gold pieces.

Inventory:

Hand Weapons
 a - a +0 war axe (weapon)
Armour
 b - a +0 scale mail (worn)
 c - a +0 kite shield
Wands
 i - a wand of flame (18)
Scrolls
 d - a scroll of immolation {unknown}
 g - a scroll of identify {unknown}
 j - a scroll of blinking
 k - a scroll of fear {unknown}
Potions
 h - 2 potions of magic


   Skills:
 - Level 6.3 Fighting
 - Level 13.7 Axes
 + Level 11.1 Armour
 - Level 3.2 Shields
 - Level 15.6 Invocations


You had 8 spell levels left.
You didn't know any spells.
Your spell library was empty.

Dungeon Overview and Level Annotations

Branches:
Dungeon (1/1)

Altars:
Cheibriados
Dithmenos
Elyvilon
Fedhas
Gozag
Hepliaklqana
Kikubaaqudgha
Makhleb
Nemelex Xobeh
Okawaru
Qazlal
Ru
Sif Muna
Trog
Uskayaw
Vehumet
Wu Jian
Xom
Yredelemnul
Zin
The Shining One
Jiyva
Lugonu

Shops:
D (


Innate Abilities, Weirdness & Mutations

You are resistant to damage.
You can heal yourself by infusing magical energy.
You passively map the area around you.
You do not regenerate.


Message History

The redback poisons you! The redback bites you!
You feel better. The redback bites you.
You are poisoned.
The redback poisons you! The redback bites you!
You are lethally poisoned!
The redback poisons you! The redback bites you. The redback bites you!
* * * LOW HITPOINT WARNING * * *
You see here 27 gold pieces.
You feel better. The redback barely misses you. x2
You feel much better. The redback bites you.
You are poisoned.
The redback poisons you!
The redback bites you but does no damage.
The redback barely misses you. The redback closely misses you.
Unknown command.
You closely miss the redback.
The redback is moderately wounded.
You hit the redback.
You feel extremely sick. The redback bites you.
You are lethally poisoned!
The redback poisons you!
The redback bites you but does no damage.
You barely miss the redback.
The redback is moderately wounded.
You slash the redback!
You feel extremely sick. The redback bites you.
* * * LOW HITPOINT WARNING * * *
You are more poisoned.
The redback poisons you!
The redback bites you but does no damage.
You barely miss the redback.
The redback is moderately wounded.
You hit the redback but do no damage.
* * * LOW HITPOINT WARNING * * *
You feel extremely sick. The redback bites you!
You die...

').#..'..'..# *+ ,
#####'#__#### ,*,
, , * *
#...#[####§.#### *
#..##.#≈≈≈§.#§.# ,
, ##'#_.§§≈≈§§§§.#
* ,
.'..._#§§§§.#§.# ,
+ ,
##_§#'##'#####'###
* , ###+#[#§§.)#
#.'s# ,, * * * #
####+### ###@# , ,
, * ,, + #s# * *,
, * ** #$# ,, , *
* * * , ,,, #.# ,
, * + ,,, ,+§#* ,,
, * * #§# , , ** ,
,,,, §# , * , * ,
, ,, ,, * ** , , ,
, ≈ ,, , *


You could see 2 redbacks.

Vanquished Creatures
  2 centaur warriors (D)
  An oklob plant (D)
  A hornet (D)
  A slime creature (D)
  Sigmund (D)
  A yak (D)
  An ogre (D)
  A jelly (D)
  Ijyb (D)
10 creatures vanquished.

Notes
Turn   | Place    | Note
-------+----------+-------------------------------------------
     0 | D        | manyhoops the Deep Dwarf Fighter began the quest for the
                  | Orb.
     0 | D        | Reached XP level 1. HP: 20/20 MP: 1/1
     6 | D        | Noticed Ijyb
    18 | D        | Killed Ijyb
    19 | D        | Reached XP level 2. HP: 20/27 MP: 2/2
   277 | D        | Noticed an ogre
   281 | D        | Killed an ogre
   282 | D        | Reached skill level 10 in Axes
   282 | D        | Reached XP level 3. HP: 14/33 MP: 3/3
   282 | D        | Reached XP level 4. HP: 17/40 MP: 4/4
   295 | D        | Noticed Sigmund
   306 | D        | Killed Sigmund
   307 | D        | Reached XP level 5. HP: 12/46 MP: 5/5
   307 | D        | Reached XP level 6. HP: 15/55 MP: 6/6
   322 | D        | Found an ornate altar of the Wu Jian Council.
   322 | D        | Found a shimmering blue altar of Sif Muna.
   324 | D        | Found a radiant altar of Vehumet.
   355 | D        | Found Xexkih's Antique Weapon Emporium.
   355 | D        | Found an ancient bone altar of Kikubaaqudgha.
   355 | D        | Found a hazy altar of Hepliaklqana.
   355 | D        | Found a stormy altar of Qazlal.
   355 | D        | Found a hide-covered altar of Uskayaw.
   355 | D        | Found a blossoming altar of Fedhas.
   355 | D        | Found a bloodstained altar of Trog.
   355 | D        | Found an iron altar of Okawaru.
   355 | D        | Found a basalt altar of Yredelemnul.
   355 | D        | Found a glowing golden altar of the Shining One.
   355 | D        | Found a snail-covered altar of Cheibriados.
   355 | D        | Found a sacrificial altar of Ru.
   355 | D        | Found a glowing silver altar of Zin.
   355 | D        | Found a shadowy altar of Dithmenos.
   355 | D        | Found a white marble altar of Elyvilon.
   355 | D        | Noticed a yak
   362 | D        | Killed a yak
   363 | D        | Found an opulent altar of Gozag.
   364 | D        | Found a sparkling altar of Nemelex Xobeh.
   366 | D        | Became a worshipper of Qazlal Stormbringer
   383 | D        | Found a burning altar of Makhleb.
   383 | D        | Found a viscous altar of Jiyva.
   383 | D        | Found a shimmering altar of Xom.
   383 | D        | Found a corrupted altar of Lugonu.
   383 | D        | Noticed a slime creature
   393 | D        | Killed a slime creature
   394 | D        | Reached XP level 7. HP: 29/70 MP: 6/6
   426 | D        | Noticed a centaur warrior
   428 | D        | Noticed a centaur warrior
   467 | D        | Killed a centaur warrior
   468 | D        | Reached skill level 12 in Invocations
   468 | D        | Reached XP level 8. HP: 40/78 MP: 5/15
   470 | D        | Killed a centaur warrior
   470 | D        | Reached * piety under Qazlal
   471 | D        | Reached skill level 15 in Invocations
   484 | D        | Noticed a hornet
   495 | D        | Killed a hornet
   496 | D        | Gained mutation: You passively map the area around you.
                  | [Deep Dwarf growth]
   496 | D        | Reached XP level 9. HP: 75/84 MP: 7/18
   563 | D        | Noticed an oklob plant
   570 | D        | Killed an oklob plant
   697 | D        | Slain by a redback

Illustrated notes

Levels and vault maps discovered:
D:        dungeon_sprint_1 [red_sonja_temple_1, red_sonja_temple_small_1]

Skill      XL: |  1  2  3  4  5  6  7  8  9 |
---------------+----------------------------+-----
Axes           | 6 10 13 | 13.7
Fighting       | 6 |  6.3
Armour         | 7 9 11 | 11.1
Invocations    | 12 15 | 15.6
Shields        | |  3.2

Action                   |  1- 3 |  4- 6 |  7- 9 || total
-------------------------+-------+-------+-------++-------
Melee: War axe           |    12 |    29 |    39 ||    80
 Abil: Heal Wounds       |     1 |     4 |     9 ||    14
Evoke: Wand              |     1 |       |       ||     1
  Use: Potion            |     2 |       |     4 ||     6
Armor: Scale mail        |     3 |     4 |    29 ||    36
Dodge: Dodged            |     5 |     4 |    30 ||    39
Block: Other             |       |       |     1 ||     1
